 Dungeon Crawl Stone Soup version 0.30-a0-1161-g0704695555 (webtiles) character file.

Game seed: 7393696950722906163

1015 BlueFish the Sneak (level 8, -1/54 HPs)
             Began as an Octopode Fighter on Apr 27, 2023.
             Was an Initiate of Cheibriados.
             Slain by an acid dragon (5 damage)
             ... on level 5 of the Dungeon.
             The game lasted 00:10:15 (4790 turns).

BlueFish the Sneak (Octopode Fighter)               Turns: 4790, Time: 00:10:16

Health: -1/54      AC:  4    Str: 18    XL:     8   Next: 21%
Magic:  8/8        EV: 14    Int: 12    God:    Cheibriados [......]
Gold:   304        SH:  5    Dex: 12    Spells: 5/7 levels left

rFire   . . .        a - +2 flail (protect)
rCold   . . .        u - +0 buckler
rNeg    . . .        (helmet restricted)
rPois   .            x - amulet of faith
rElec   .            (no ring)
rCorr   .            (no ring)
SInv    .            (no ring)
Will    .....        (no ring)
Stlth   ++++         (no ring)
HPRegen 0.29/turn    (no ring)
MPRegen 0.11/turn    (no ring)
                     (no ring)

%: faith
@: corroded, under a protective aura, very slow
A: almost no armour, amphibious, 8 rings, camouflage 1, gelatinous body 1,
(nimble swimmer 1), tentacles
a: Renounce Religion


You were on level 5 of the Dungeon.
You worshipped Cheibriados.
Cheibriados was noncommittal.
You visited 2 branches of the dungeon, and saw 6 of its levels.

You collected 304 gold pieces.

Inventory:

Hand Weapons
 a - a +2 flail of protection (weapon)
 b - a +0 sling
 l - a +0 flail
 w - a +0 whip
 C - a +0 hammer of protection
Missiles
 g - 42 stones (quivered)
 k - 11 boomerangs
 r - 6 curare-tipped darts
 t - 2 poisoned darts
 B - 4 throwing nets
Armour
 u - a +0 buckler (worn)
Jewellery
 q - an amulet of guardian spirit
 x - an amulet of faith (around mantle)
Wands
 v - a wand of mindburst (24)
 y - a wand of iceblast (4)
Scrolls
 e - 3 scrolls of teleportation {unknown}
 f - a scroll of acquirement {unknown}
 i - 5 scrolls of identify {unknown}
 j - 2 scrolls of noise {unknown}
 m - 2 scrolls of magic mapping {unknown}
 n - a scroll of vulnerability {unknown}
 z - a scroll of enchant armour {unknown}
Potions
 c - 7 potions of might
 d - a potion of resistance {unknown}
 h - 2 potions of curing {unknown}
 o - a potion of haste {unknown}
 p - a potion of lignification {unknown}
 s - 3 potions of attraction {unknown}
 A - a potion of degeneration {unknown}


   Skills:
 + Level 4.6 Fighting
 + Level 3.9 Maces & Flails
 + Level 3.0 Throwing
 + Level 4.5 Dodging
 * Level 7.0 Stealth
 + Level 4.6 Shields


You had 5 spell levels left.
You knew the following spells:

 Your Spells              Type           Power      Damage    Failure   Level
a - Lesser Beckoning      Tloc           0%         N/A       52%         2

Your spell library contained the following spells:

 Spells                   Type           Power      Damage    Failure   Level
 Ensorcelled Hibernation  Hex/Ice        0%         N/A       52%         2
 Passwall                 Tmut/Erth      0%         N/A       52%         2
 Gell's Gravitas          Tloc           0%         N/A       77%         3
 Inner Flame              Hex/Fire       0%         N/A       77%         3
 Summon Guardian Golem    Hex/Summ       0%         N/A       77%         3
 Swiftness                Air            0%         N/A       77%         3
 Teleport Other           Tloc           0%         N/A       77%         3
 Flame Wave               Conj/Fire      0%         2d4       99%         4
 Sticky Flame             Conj/Fire      0%         2d3       99%         4
 Orb of Destruction       Conj           0%         9d5       100%        7
 Spellforged Servitor     Conj/Summ      0%         N/A       100%        7


Dungeon Overview and Level Annotations

Branches:
Dungeon (5/15)             Temple (1/1) D:5

Altars:
Ashenzari
Cheibriados
Dithmenos
Fedhas
Gozag
Hepliaklqana
Kikubaaqudgha
Makhleb
Nemelex Xobeh
Qazlal
Ru
Sif Muna
Trog
Uskayaw
Vehumet
Wu Jian
Yredelemnul
Zin
The Shining One

Shops:
D:3 [


Innate Abilities, Weirdness & Mutations

You cannot wear most types of armour.
You are amphibious.
You can wear up to eight rings at the same time.
Your skin changes colour to match your surroundings (Stealth+).
Your rubbery body absorbs attacks. (AC +1, EV +1)
((You are camouflaged when in or above water. (Stealth+)))
You have tentacles for arms and can constrict up to eight enemies at once.


Message History

Cheibriados appreciates the change of pace.
You now have 279 gold pieces (gained 15).
Things that are here:
a +0 war axe; a +0 leather armour; an orc corpse You now have 304 gold pieces (gained 25).
Items here: ( ))) [ ††.
Your +2 flail of protection goes still.
b - a +0 sling (weapon)
Found a stone staircase leading down.
g - 42 stones (gained 5)
An acid dragon comes into view.
You shoot a sling bullet. The sling bullet hits the acid dragon.
The acid dragon roars!
The acid dragon is lightly wounded.
Your +2 flail of protection hums with potential!
a - a +2 flail of protection (weapon)
The acid dragon spits acid at you. The splash of acid hits you!!
Ouch! That really hurt!
The acid dragon bites you. The acid dragon completely misses you.
You hear a shout!
You sock the acid dragon!
Your weapon exudes an aura of protection.
The acid dragon is heavily wounded.
The acid dragon bites you. The acid dragon barely misses you.
You hit the acid dragon but do no damage.
Your squeeze misses the acid dragon.
The acid dragon is heavily wounded.
The acid dragon bites you.
* * * LOW HITPOINT WARNING * * *
The acid dragon barely misses you.
You hit the acid dragon. You squeeze the acid dragon.
The acid dragon is severely wounded.
The acid dragon spits acid at you. The splash of acid hits you.
* * * LOW HITPOINT WARNING * * *
The acid corrodes you! The acid dragon bites you.
* * * LOW HITPOINT WARNING * * *
The acid dragon claws you.
You die...

#.# #.#
#.# #.#
####.#
#....#
#.####
#.########
#.@D......
#.########
...# ###.#
#.. ...
... ..


You could see an acid dragon (catching breath).

Vanquished Creatures
  Sigmund (D:4)
  A black bear (D:5)
  A centaur (D:4)
  2 scorpions (D:4)
  4 jellies
  Crazy Yiuf (D:4)
  3 hounds
  4 iguanas
  An orc wizard (D:5)
  3 gnolls (D:5)
  5 adders
  A worm (D:5)
  3 dart slugs
  18 orcs
  13 endoplasms
  6 giant cockroaches
  5 goblins
  7 hobgoblins
  4 jackals
  5 quokkas
  8 ball pythons
  5 bats
  A frilled lizard (D:3)
  9 kobolds
  5 rats
116 creatures vanquished.

Vanquished Creatures (others)
  27 fungi
  6 toadstools (D:3)
33 creatures vanquished.

Grand Total: 149 creatures vanquished

Notes
Turn   | Place    | Note
-------+----------+-------------------------------------------
     0 | D:1      | BlueFish the Octopode Fighter began the quest for the Orb.
     0 | D:1      | Reached XP level 1. HP: 16/16 MP: 1/1
   147 | D:1      | Reached skill level 1 in Stealth
   148 | D:1      | Reached XP level 2. HP: 18/21 MP: 2/2
   486 | D:1      | Reached skill level 2 in Stealth
   655 | D:1      | Reached XP level 3. HP: 26/26 MP: 3/3
  1096 | D:2      | Found a faded altar of an unknown god.
  1285 | D:2      | Reached XP level 4. HP: 21/31 MP: 4/4
  1367 | D:2      | Reached skill level 3 in Stealth
  1380 | D:2      | Found an opulent altar of Gozag.
  1920 | D:3      | Found Fiobuas's Antique Armour Emporium.
  2055 | D:3      | Learned a level 2 spell: Lesser Beckoning
  2442 | D:3      | Reached skill level 1 in Throwing
  2442 | D:3      | Reached XP level 5. HP: 13/36 MP: 2/5
  2790 | D:4      | Reached skill level 4 in Stealth
  2871 | D:4      | Reached XP level 6. HP: 43/43 MP: 6/6
  2876 | D:4      | Noticed Sigmund
  3088 | D:4      | Reached skill level 5 in Stealth
  3239 | D:4      | Found an ancient bone altar of Kikubaaqudgha.
  3288 | D:4      | Found a runed translucent door.
  3289 | D:4      | Noticed Crazy Yiuf
  3297 | D:4      | Killed Crazy Yiuf
  3298 | D:4      | Reached XP level 7. HP: 48/48 MP: 7/7
  3794 | D:4      | Found a blossoming altar of Fedhas.
  3798 | D:4      | Found an ornate altar of the Wu Jian Council.
  3802 | D:4      | Found a basalt altar of Yredelemnul.
  3967 | D:4      | Killed Sigmund
  3968 | D:4      | Reached skill level 6 in Stealth
  4051 | D:5      | Entered Level 5 of the Dungeon
  4295 | D:5      | Found a staircase to the Ecumenical Temple.
  4342 | D:5      | Reached XP level 8. HP: 54/54 MP: 8/8
  4345 | Temple   | Entered the Ecumenical Temple
  4427 | Temple   | Became a worshipper of Cheibriados the Contemplative
  4689 | D:5      | Reached skill level 7 in Stealth
  4790 | D:5      | Slain by an acid dragon

Illustrated notes

Levels and vault maps discovered:
D:1:      roderic_octagonal_star, layout_loops_ring
D:2:      layout_loops_cross, hellmonk_ecumenical_altar_pennies_from_heaven,
          basic_altar
D:3:      cheibrodos_fertilizer, layout_basic, serial_shops, shop, hex_tiny,
          minmay_pentangle
D:4:      layout_loops_ring, marbit_many_paths, grunt_temple_overflow_diamond,
          minmay_fractal_squares_gapless_5, uniq_crazy_yiuf_cottage,
          uniq_sigmund
D:5:      layout_loops_ring, mainiacjoe_overflow_chevrons,
          okawaru_altar_gauntlet_db, minmay_temple_entry_glass, serial_aquarium,
          aquarium_bridge_square [aquarium_subvault_wall,
          aquarium_subvault_wall, aquarium_subvault_bridge,
          aquarium_subvault_bridge], aquarium_bridge_long_separate
          [aquarium_subvault_bridge, aquarium_subvault_window,
          aquarium_subvault_bridge, aquarium_subvault_bridge,
          aquarium_subvault_wall, aquarium_subvault_bridge], aquarium_window_1,
          aquarium_window_corridor_3, aquarium_window_1, aquarium_window_double,
          aquarium_view_2c, aquarium_balcony_1b
Temple:   regret_index_temple_generic_petals

Skill      XL: |  1  2  3  4  5  6  7  8 |
---------------+-------------------------+-----
Stealth        | 1 2 3 4 5 6 7 |  7.0
Throwing       | 1 2 3 |  3.0
Maces & Flails | 3 |  3.9
Fighting       | 4 |  4.6
Shields        | 4 |  4.6
Dodging        | 4 |  4.5

Action                     |  1- 3 |  4- 6 |  7- 9 || total
---------------------------+-------+-------+-------++-------
  Melee: Flail             |    52 |       |    39 ||    91
         Tentacles         |    12 |    30 |    16 ||    58
         Constrict         |    20 |    25 |    15 ||    60
         Whip              |     7 |   107 |       ||   114
         Punch             |       |     2 |     2 ||     4
         Mace              |       |       |    23 ||    23
   Fire: Sling             |       |    36 |    42 ||    78
  Throw: Dart              |       |     1 |       ||     1
   Stab: Sleeping          |     7 |     3 |     1 ||    11
 Armour: Skin              |    11 |     6 |    13 ||    30
  Dodge: Dodged            |    30 |    59 |    38 ||   127
  Block: Buckler           |    13 |    16 |     9 ||    38

Table legend: (Time is in decaauts)
 A = Elapsed time spent in this place.
 B = Non-inter-level travel time spent in this place.
 C = Inter-level travel time spent in this place.
 D = Time resting spent in this place.
 E = Time spent auto-exploring this place.
 F = Levels seen in this place.
 G = Mean time per level.
                   A        B        C        D        E       F      G
               +--------+--------+--------+--------+--------+-----+--------+
         Total |   4905 |   4709 |    196 |     15 |   3613 |   6 |  817.5 |
       Dungeon |   4647 |   4487 |    160 |     15 |   3403 |   5 |  929.4 |
        Temple |    258 |    222 |     36 |      0 |    210 |   1 |  258.0 |
               +--------+--------+--------+--------+--------+-----+--------+

Top non-repeatable levels by time:
     D:4: 1275 daAuts
     D:3: 1229 daAuts
     D:1: 787 daAuts
     D:2: 779 daAuts
     D:5: 575 daAuts
  Temple: 258 daAuts
